 Dungeon Crawl Stone Soup version 0.31-a0-263-ge8cad7f256 (webtiles) character file.

Game seed: 639676036036855423

113 qw the Shooter (level 4, 0/39 HPs)
             Began as a Minotaur Hexslinger on July 13, 2023.
             Slain by Blork the orc
             ... wielding a +4 scimitar of holy wrath
              (9 damage)
             ... on level 4 of the Dungeon.
             The game lasted 00:00:52 (1994 turns).

qw the Shooter (Minotaur Hexslinger)                Turns: 1994, Time: 00:00:53

Health: 0/39       AC: 13    Str: 12    XL:     4   Next: 65%
Magic:  4/4        EV: 11    Int:  8    God:
Gold:   61         SH:  0    Dex: 15    Spells: 4/5 levels left

rFire   . . .        Y - +1 sling
rCold   . . .        (no shield)
rNeg    . . .        m - +0 ring mail
rPois   +            (helmet restricted)
rElec   .            k - +0 cloak
rCorr   .            p - +0 pair of gloves
SInv    .            (no boots)
Will    .....        (no amulet)
Stlth   +            i - +4 ring of protection
HPRegen 0.26/turn    f - ring of poison resistance
MPRegen 0.09/turn

%: no passive effects
@: no status effects
A: horns 2, retaliatory headbutt, iridescent scales 1, dopey 1, robust 1,
evolution 1
a: no special abilities


You were on level 4 of the Dungeon.
You visited 1 branch of the dungeon, and saw 4 of its levels.

You collected 126 gold pieces.
You spent 65 gold pieces at shops.


Innate Abilities, Weirdness & Mutations

You have a pair of horns on your head.
You reflexively headbutt those who attack you in melee.
You are partially covered in iridescent scales. (AC +2)
You are dopey. (Int -2)
You are robust. (+10% HP)
You have hidden genetic potential.


   Skills:
 + Level 2.2 Fighting
 - Level 5.0 Ranged Weapons
 - Level 1.0 Armour
 - Level 2.1 Dodging
 - Level 1.0 Spellcasting
 - Level 2.0 Hexes


You had 4 spell levels left.
You knew the following spells:

 Your Spells              Type           Power      Damage    Failure   Level
a - Slow                  Hex            12%        N/A       36%         1

Your spell library contained the following spells:

 Spells                   Type           Power      Damage    Failure   Level
 Inner Flame              Hex/Fire       2%         N/A       87%         3
 Portal Projectile        Hex/Tloc       4%         N/A       87%         3
 Cause Fear               Hex            1%         N/A       98%         4

Inventory:

Hand Weapons
 Y - a +1 sling (weapon)
Armour
 k - a +0 cloak (worn)
 m - a +0 ring mail (worn)
 p - a +0 pair of gloves (worn)
Jewellery
 f - a ring of poison resistance (right hand)
 i - a +4 ring of protection (left hand)
Potions
 b - a potion of might {unknown}
 d - a potion of heal wounds {unknown}
 e - 2 potions of enlightenment
 g - a potion of invisibility {unknown}
 o - a potion of degeneration {unknown}

Dungeon Overview and Level Annotations

Branches:
Dungeon (4/15)
 Temple: D:4-7

Altars:

Shops:
D:2 !

Annotations:
D:4 Blork the orc


Message History

The hobgoblin closely misses you.
You shoot a sling bullet. The sling bullet hits the hobgoblin.
The hobgoblin is almost dead.
The hobgoblin hits you but does no damage.
You shoot a sling bullet.
The sling bullet closely misses the hobgoblin.
The hobgoblin barely misses you.
The hobgoblin hits you but does no damage.
You shoot a sling bullet. The sling bullet hits the hobgoblin.
You kill the hobgoblin!
Found a scroll of noise.
Found a stone staircase leading up.
Blork the orc comes into view.
He is wielding a +4 scimitar of holy wrath and wearing a +2 robe of positive energy.
You shoot a sling bullet.
The sling bullet barely misses Blork the orc.
Blork the orc hits you with a +4 scimitar of holy wrath!
You shoot a sling bullet. The sling bullet hits Blork the orc.
Blork the orc is lightly wounded.
Blork the orc hits you with a +4 scimitar of holy wrath!
You shoot a sling bullet.
The sling bullet barely misses Blork the orc.
Blork the orc hits you with a +4 scimitar of holy wrath.
Blork the orc barely misses you.
You shoot a sling bullet. The sling bullet hits Blork the orc.
Blork the orc is lightly wounded.
Blork the orc points at you and mumbles some strange words.
The puff of flame misses you.
You shoot a sling bullet. The sling bullet hits Blork the orc.
Blork the orc is moderately wounded.
Blork the orc hits you with a +4 scimitar of holy wrath!
You shoot a sling bullet.
The sling bullet hits Blork the orc but does no damage.
Blork the orc is moderately wounded.
Blork the orc hits you but does no damage.
You shoot a sling bullet. The sling bullet hits Blork the orc.
Blork the orc is moderately wounded.
Blork the orc screams, "I'll rip your head off!"
Blork the orc looks encouraged for a moment.
Blork the orc hits you with a +4 scimitar of holy wrath!
You die...

.......#.#
###....#.#
#....#.#
###.##.# ###
#.##.# #.##
##?##.#### #..
#.........
#####o#####
#.##.####.
#..<.@....#
#.##......
#########.#
#.##.#.#.. #.#
#.##......
#.###.#..#.#..
#.............
#...#.........
###.#..##..##.
#.#..# ...
#.#..# ##


You could see Blork the orc.

Vanquished Creatures
  Robin (D:3)
  4 adders (D:2)
  A worm (D:3)
  2 dart slugs
  3 ball pythons
  4 endoplasms
  2 giant cockroaches
  9 goblins
  11 hobgoblins
  4 jackals (D:3)
  2 quokkas
  3 bats
  5 frilled lizards
  3 kobolds
  A rat (D:1)
55 creatures vanquished.

Notes
Turn   | Place    | Note
-------+----------+-------------------------------------------
     0 | D:1      | qw the Minotaur Hexslinger began the quest for the Orb.
     0 | D:1      | Reached XP level 1. HP: 16/16 MP: 1/1
     0 | D:1      | 0 ||| qw: Version: 0.3-a-52-g30416fa
     0 | D:1      | 0 ||| qw: Game counter: 7389
     0 | D:1      | 0 ||| qw: Melee chars always use a shield: true
     0 | D:1      | 0 ||| qw: God list: Okawaru
     0 | D:1      | 0 ||| qw: Allow faded altars: false
     0 | D:1      | 0 ||| qw: Do Orc after clearing Dungeon:15 true
     0 | D:1      | 0 ||| qw: Do second Lair branch before Depths: true
     0 | D:1      | 0 ||| qw: Lair rune preference: random
     0 | D:1      | 0 ||| qw: Goals: Normal
     0 | D:1      | 0 ||| PLANNING D:1-11
   192 | D:1      | Reached skill level 3 in Ranged Weapons
   192 | D:1      | Reached XP level 2. HP: 23/23 MP: 2/2
   623 | D:1      | 623 ||| UPGRADING to +0 cloak.
   628 | D:1      | 628 ||| UPGRADING to +4 ring of protection.
   629 | D:1      | 629 ||| DROPPING +6 ring of intelligence.
   630 | D:1      | 630 ||| READING scroll labelled LICVAV HALUO.
   631 | D:1      | 631 ||| READING scroll labelled DOUSAH YROMNO.
   632 | D:1      | 632 ||| READING scroll labelled KERRADW LEMP.
   636 | D:1      | 636 ||| DROPPING scroll of poison.
   819 | D:2      | Reached XP level 3. HP: 18/29 MP: 3/3
   918 | D:2      | Found a faded altar of an unknown god.
  1082 | D:2      | Reached skill level 4 in Ranged Weapons
  1243 | D:2      | Found Deoxish's Distillery.
  1250 | D:2      | 1250 ||| BUYING potion of enlightenment (65 gold).
  1250 | D:2      | Bought a potion of enlightenment for 65 gold pieces
  1250 | D:2      | 1250 ||| SHOPLISTING potion of enlightenment (65 gold, have
                  | 32).
  1330 | D:2      | 1330 ||| UPGRADING to +0 leather armour.
  1340 | D:2      | 1340 ||| DROPPING +0 robe.
  1341 | D:2      | 1341 ||| UPGRADING to +0 ring mail.
  1351 | D:2      | 1351 ||| DROPPING +0 leather armour.
  1352 | D:2      | 1352 ||| UPGRADING to +0 pair of gloves.
  1357 | D:2      | 1357 ||| UPGRADING to ring of poison resistance.
  1358 | D:2      | 1358 ||| READING scroll labelled IHEFIMAUTI.
  1359 | D:2      | 1359 ||| READING scroll labelled YLIQAWAMMIVI.
  1360 | D:2      | 1360 ||| READING scroll labelled CEAKLASTR UGEM.
  1361 | D:2      | 1361 ||| READING scroll labelled RASCHY NOEROE.
  1362 | D:2      | 1362 ||| DRINKING 2 silvery potions.
  1362 | D:2      | Gained mutation: Your flesh is heat resistant. (rF+)
                  | [potion of mutation]
  1362 | D:2      | Gained mutation: You occasionally lose the ability to drink
                  | potions when taking damage. [potion of mutation]
  1362 | D:2      | Gained mutation: You have a pair of large horns on your
                  | head. [potion of mutation]
  1363 | D:2      | 1363 ||| DRINKING potion of mutation.
  1363 | D:2      | Lost mutation: You occasionally lose the ability to drink
                  | potions when taking damage. [potion of mutation]
  1363 | D:2      | Lost mutation: Your flesh is heat resistant. (rF+) [potion
                  | of mutation]
  1363 | D:2      | Lost mutation: You have a pair of large horns on your head.
                  | [potion of mutation]
  1363 | D:2      | Gained mutation: You are partially covered in iridescent
                  | scales. (AC +2) [potion of mutation]
  1363 | D:2      | Gained mutation: You are dopey. (Int -2) [potion of
                  | mutation]
  1363 | D:2      | Gained mutation: You have hidden genetic potential. [potion
                  | of mutation]
  1363 | D:2      | Gained mutation: You are robust. (+10% HP) [potion of
                  | mutation]
  1382 | D:3      | Reached XP level 4. HP: 39/39 MP: 4/4
  1471 | D:3      | Reached skill level 1 in Armour
  1542 | D:3      | Noticed Robin
  1565 | D:3      | Killed Robin
  1575 | D:3      | Reached skill level 5 in Ranged Weapons
  1874 | D:3      | 1874 ||| READING scroll labelled WYDWACR YSAVOS.
  1875 | D:3      | 1875 ||| READING scroll labelled ESHRUO FYALER.
  1987 | D:4      | Noticed Blork the orc
  1992 | D:4      | HP: 9/39 [Blork the orc/+4 scimitar of holy wrath (8)]
  1994 | D:4      | Slain by Blork the orc

Levels and vault maps discovered:
D:1:      minmay_arrival_nine_rooms, layout_loops_ring
D:2:      layout_loops_ring, ebering_ecumenical_altar_webs, serial_shops, shop
D:3:      layout_basic, uniq_robin
D:4:      layout_loops_ring, lemuel_zombie_altar_yredelemnul,
          serial_co_window_serial, co_window_paths_b, co_window_corner_a,
          co_window_corner_a, co_window_of_opportunity_a, co_window_paths_a,
          co_window_of_opportunity_a, co_window_corner_b, co_window_corner_cb,
          co_window_2corner, co_window_2corner, co_window_broadway_c,
          glass_columns_b, glass_columns_a, glass_columns_a, glass_columns_a,
          grunt_ministairs_6, uniq_blork_the_orc, uniq_duvessa

Skill      XL: |  1  2  3  4 |
---------------+-------------+-----
Ranged Weapons | 3 4 5 |  5.0
Fighting       | 2 |  2.2
Armour         | 1 |  1.0
Dodging        | |  2.1
Spellcasting   | |  1.0
Hexes          | |  2.0

Action                     |  1- 3 |  4- 6 || total
---------------------------+-------+-------++-------
   Fire: Sling             |   106 |    92 ||   198
    Use: Scroll            |     7 |     2 ||     9
         Potion            |     2 |       ||     2
 Armour: Robe              |    29 |       ||    29
         Ring mail         |     1 |    24 ||    25
  Dodge: Dodged            |    40 |    41 ||    81

Table legend:
 A = Non-vault XP
 B = Vault XP
 C = Vault XP percentage of total XP
 D = Non-vault monster count
 E = Vault monster count
 F = Vault count percentage of total count
                 A         B        C        D         E       F
            +---------+---------+-------+---------+---------+-------
      Total |     125 |      37 |  22.8 |      43 |      12 |  21.8
            +---------+---------+-------+---------+---------+-------
        D:1 |      22 |       0 |   0.0 |      13 |       0 |   0.0
        D:2 |      70 |       0 |   0.0 |      13 |       0 |   0.0
        D:3 |      31 |      37 |  54.4 |      16 |      12 |  42.9
        D:4 |       2 |       0 |   0.0 |       1 |       0 |   0.0
            +---------+---------+-------+---------+---------+-------
